 Dungeon Crawl Stone Soup version 0.19.3-4-gbf9329e (webtiles) character file.

37 Mefis the Magician (level 3, 0/19 HPs)
             Began as a Deep Elf Wizard on Jan 27, 2017.
             Slain by a jackal (2 damage)
             ... on level 1 of the Dungeon.
             The game lasted 00:03:11 (1542 turns).

Mefis the Magician (Deep Elf Wizard)                Turns: 1542, Time: 00:03:12

Health: 0/19       AC:  2    Str:  4    XL:     3   Next: 23%
Magic:  0/11       EV: 13    Int: 23    God:
Gold:   35         SH:  0    Dex: 18    Spells: 5 memorised, 2 levels left

rFire  . . .     SeeInvis .     j - +0 dagger
rCold  . . .     Gourm    .     a - +0 robe
rNeg   . . .     Faith    .     (no shield)
rPois  .         Spirit   .     b - +0 hat
rElec  .         Reflect  .     (no cloak)
rCorr  .         Harm     .     (no gloves)
MR     .....                    (no boots)
Stlth  +++.......               f - amulet of inaccuracy (curse)
                                (no ring)
                                k - +5 ring of dexterity

@: very slightly contaminated, repel missiles
A: no striking features
a: no special abilities


You were on level 1 of the Dungeon.
You were hungry.

You visited 1 branch of the dungeon, and saw 2 of its levels.

You collected 35 gold pieces.

Inventory:

Hand Weapons
 j - a +0 dagger (weapon)
Missiles
 i - 36 sling bullets
Armour
 a - a +0 robe (worn)
 b - a +0 hat (worn)
Jewellery
 f - a cursed amulet of inaccuracy (around neck)
 k - a +5 ring of dexterity (left hand)
Scrolls
 e - a scroll of fear {unknown}
 h - 2 scrolls of teleportation
 m - a scroll of identify {unknown}
 n - a scroll of noise {unknown}
Potions
 g - a potion of might {unknown}
 l - 2 potions of cancellation {unknown}
 o - a potion of curing {unknown}
Books
 c - a book of Minor Magic

   Spells                             Type                      Level
   a - Magic Dart                     Conjuration                  1
   b - Blink                          Translocation                2
   c - Call Imp                       Summoning                    2
   d - Repel Missiles                 Charms/Air                   2
   e - Slow                           Hexes                        2
   f - Conjure Flame                  Conjuration/Fire             3
   g - Mephitic Cloud                 Conjuration/Poison/Air       3
Comestibles
 d - a bread ration


   Skills:
 + Level 2.9 Dodging
 + Level 3.2 Stealth
 * Level 5.1 Spellcasting
 + Level 1.5 Conjurations
 - Level 1.1 Summonings
 - Level 1.1 Translocations
 + Level 0.0 Air Magic
 + Level 0.0 Poison Magic


You had 2 spell levels left.
You knew the following spells:

 Your Spells              Type           Power        Failure   Level  Hunger
a - Magic Dart            Conj           ##..         6%          1    None
b - Call Imp              Summ           ##......     12%         2    None
c - Blink                 Tloc           N/A          12%         2    None
d - Repel Missiles        Chrm/Air       #.....       17%         2    None
e - Mephitic Cloud        Conj/Pois/Air  #.......     24%         3    ##.....


Dungeon Overview and Level Annotations

Branches:
Dungeon (2/15)

Altars:


Message History

Casting: Mephitic Cloud
Confirm with . or Enter, or press ? or * to list all spells.
You miscast Call Imp.
You are very lightly contaminated with residual magic.
Your head hurts.
The jackal bites you but does no damage.
Unknown command.
You are too injured to fight recklessly!
You are too injured to fight recklessly!
You closely miss the jackal.
The jackal is heavily wounded.
The jackal closely misses you.
The jackal bites you but does no damage.
You barely miss the jackal.
The jackal is heavily wounded.
The jackal bites you but does no damage.
You hit the jackal but do no damage.
The jackal is heavily wounded.
The jackal bites you.
You die...

######...............''
#....................##
#....................##
#....................##
#......................
######.###.........)... #.#
#.............
###.#########...(...
#..@................ #####
####...h.....###....... #...#
#............# ###.####
#.#.###.#..........# #....#
#.#...#.#..........# #..#.#
#.###.#.##.........#####....#
#.#.....##.........##....#)##
###+#........#...######.####.#
#....#.####..####### #.# #)##


You could see a jackal.

Vanquished Creatures
  An ooze (D:1)
  A dart slug (D:1)
  2 leopard geckos (D:1)
  2 giant cockroaches (D:1)
  5 hobgoblins (D:1)
  A jackal (D:2)
  4 kobolds (D:1)
  3 ball pythons (D:1)
  4 bats (D:1)
  2 frilled lizards (D:1)
  3 goblins (D:1)
28 creatures vanquished.

Notes
Turn   | Place    | Note
-------+----------+-------------------------------------------
     0 | D:1      | Mefis the Deep Elf Wizard began the quest for the Orb.
     0 | D:1      | Reached XP level 1. HP: 10/10 MP: 7/7
   439 | D:1      | Reached XP level 2. HP: 15/15 MP: 4/9
   978 | D:1      | Learned a level 2 spell: Call Imp
   981 | D:1      | Learned a level 2 spell: Blink
   984 | D:1      | Learned a level 2 spell: Repel Missiles
  1096 | D:1      | Reached XP level 3. HP: 19/19 MP: 8/11
  1097 | D:1      | Reached skill level 5 in Spellcasting
  1117 | D:1      | Learned a level 3 spell: Mephitic Cloud
  1542 | D:1      | Slain by a jackal

Skill      XL: |  1  2  3 |
---------------+----------+-----
Stealth        | 3 |  3.2
Spellcasting   | 5 |  5.1
Dodging        | |  2.9
Conjurations   | |  1.5
Summonings     | |  1.1
Translocations | |  1.1

Action                   || total
-------------------------++-------
Melee: Dagger            ||    29
 Cast: Magic Dart        ||    74
       Repel Missiles    ||     1
       Mephitic Cloud    ||     3
  Use: Scroll            ||     1
  Eat: Chunk             ||     1
Armor: Robe              ||    12
Dodge: Dodged            ||    50
